AoeStats
← lty20000612

Nomad

510723928Analyzed
3v3 RM · 13h ago on Oct 2, 2026· 30m 42s· 6 players
Game mode
Random Map
Map size
210×210
Population
200
Speed
Normal
Resources
Standard
Victory
Conquest
Starting age
Dark Age
Ending age
Imperial Age
RankedLock teamsTeams togetherTeam positionsShared explorationLock speedFull tech treeHidden civsTurbo modeCheats
Victory
Defeat
🇨🇳 Franks · China
1083
+11
🇨🇳 Huns · China
1020
+14
🇨🇳 Persians · China
923
+19
🇦🇺 Franks · Australia
1000
-16
🇪🇸 Saxons · Spain
974
-14
🇹🇷 Goths · Türkiye
952
-14
lty20000612
16:18 Feudal Age
17:33 Man-at-Arms
18:31 Double-Bit Axe
20:51 Gold Mining
21:16 Bloodlines
20:55 Fishing Lines
23:22 Wheelbarrow
26:03 Castle Age
28:53 Scale Barding Armor
足下的土地
4:19 Loom
15:09 Feudal Age
15:32 Double-Bit Axe
18:28 Gold Mining
18:58 Fletching
19:09 Padded Archer Armor
24:17 Castle Age
22:33 Stone Mining
24:56 Crossbowman
28:23 Thumb Ring
28:59 Wheelbarrow
28:29 Pikeman
31:14 Bow Saw
cihuncihome
3:52 Loom
15:52 Feudal Age
20:02 Castle Age
19:04 Fletching
21:04 Double-Bit Axe
23:36 Bow Saw
30:12 Gold Mining
Lucas Grijander
3:39 Loom
14:51 Feudal Age
16:37 Wheelbarrow
15:44 Man-at-Arms
17:36 Double-Bit Axe
24:09 Castle Age
23:16 Fishing Lines
23:52 Scale Mail Armor
24:03 Forging
23:44 Fletching
25:28 Bow Saw
26:48 Hand Cart
26:45 Long Swordsman
27:26 Squires
30:40 Bodkin Arrow
FlybyMaverick
3:10 Loom
17:15 Feudal Age
17:48 Town Watch
26:14 Castle Age
30:24 Double-Bit Axe
30:22 Horse Collar
1021513861
14:48 Feudal Age
17:00 Double-Bit Axe
19:48 Castle Age
18:08 Gold Mining
18:43 Fishing Lines
24:15 Scale Barding Armor
Connection lost

Rejoining the realm…

Still unreachable

The connection could not be restored.

Session expired

The server has moved on; the page needs a fresh start.